 Dungeon Crawl Stone Soup version 0.31-a0-983-g7b6862f502 (webtiles) character file.

Game seed: 1172801110519759520

2099176 night the Wrestler (level 27, 214/214 HPs)
             Began as a Vine Stalker Shapeshifter on Nov 1, 2023.
             Was a Favourite Plaything of Xom.
             Escaped with the Orb
             ... and 3 runes on Nov 2, 2023!
             The game lasted 03:18:03 (44968 turns).

night the Wrestler (Vine Stalker Shapeshifter)     Turns: 44968, Time: 03:18:04

Health: 214/214    AC: 38    Str: 29    XL:     27
Magic:  29/29      EV: 28    Int:  8    God:    Xom [...*..]
Gold:   4843       SH: 23    Dex: 22    Spells: 33/33 levels left

rFire   + +          .
                       - Unarmed
rCold   + + .        R - +1 tower shield {rC+}
rNeg    + . .        l - melded +7 leather armour of Astrose {rElec rN+++ Will- Str+3}
rPois   ∞            i - +2 hat {Will+}
rElec   +            a - +2 cloak
rCorr   .            y - melded +1 pair of gloves {Stlth+}
SInv    +            w - melded +0 pair of boots
Will    +++++        U - amulet of Vitality {RegenMP++ Regen++}
Stlth   ++           F - +5 ring of evasion
HPRegen 2.95/turn    h - ring "Ywegyk" {Fly rF+ Will+ SInv Stlth+}
MPRegen 1.01/turn

%: clarity, guardian spirit
@: statue-form, flying, very slow
A: slow and powerful, torment resistance 1, boosted hp, fangs 3, regeneration 1,
magic shield, antimagic bite, no potion heal 2, claws 2, horns 1, (iridescent
scales 1), agile 1, clarity, cold resistance 1, fire resistance 1, strong-willed
1, sense surroundings 1, robust 1, (shaggy fur 1), strong 1, evolution 1,
MP-powered wands, noise suppression
0: Orb of Zot
}: 3/15 runes: decaying, serpentine, silver
a: Begin Untransformation, Renounce Religion


You escaped.
You worshipped Xom.
You were a favourite toy of Xom.
You were a living statue of rough stone.
You visited 8 branches of the dungeon, and saw 44 of its levels.
You visited the Abyss 1 time.
You also visited: Ice Cave and Volcano.

You collected 7183 gold pieces.
You spent 2340 gold pieces at shops.

Inventory:

Armour
 a - a +2 cloak (worn)
 i - a +2 hat of willpower (worn)
 l - the +7 leather armour of Astrose (melded) {rElec rN+++ Will- Str+3}
   (You found it on level 4 of the Dungeon)

   Str+3:     It affects your strength (+3).
   rElec:     It insulates you from electricity.
   rN+++:     It renders you almost immune to negative energy.
   Will-:     It decreases your willpower.
 w - a +0 pair of boots (melded)
 y - a +1 pair of gloves of stealth (melded)
 R - a +1 tower shield of cold resistance (worn)
Jewellery
 h - the ring "Ywegyk" (right claw) {Fly rF+ Will+ SInv Stlth+}
   (You found it on level 2 of the Realm of Zot)

   [ring of flight]

   rF+:       It protects you from fire.
   Will+:     It increases your willpower.
   SInv:      It lets you see invisible.
   Fly:       It grants you flight.
   Stlth+:    It makes you more stealthy.
 o - a ring of see invisible
 C - a ring of magical power
 F - a +5 ring of evasion (left claw)
 I - a ring of flight
 N - a +4 ring of protection
 U - the amulet of Vitality (around neck) {RegenMP++ Regen++}
   (Xom gifted it to you on level 2 of the Orcish Mines)

   [amulet of magic regeneration]

   RegenMP:   It increases your rate of magic regeneration.
   Regen++:   It increases your rate of health regeneration.
Talismans
 s - a granite talisman (active)
 W - a blade talisman
Wands
 c - a wand of mindburst (12)
 g - a wand of digging (13)
 v - a wand of iceblast (49)
 D - a wand of charming (60)
 H - a wand of quicksilver (8)
 L - a wand of polymorph (30)
 O - a wand of flame (61)
Scrolls
 e - 4 scrolls of revelation
 f - 11 scrolls of fear
 m - 5 scrolls of blinking
 q - 5 scrolls of vulnerability
 r - a scroll of enchant weapon
 t - 6 scrolls of immolation
 A - a scroll of silence
 E - 11 scrolls of enchant armour
 G - 3 scrolls of poison
 J - 18 scrolls of teleportation
 K - 6 scrolls of fog
 Z - 2 scrolls of summoning
Potions
 b - 9 potions of lignification
 j - 8 potions of enlightenment
 k - 3 potions of magic
 n - 6 potions of haste
 p - 22 potions of curing
 u - 7 potions of might
 x - 7 potions of brilliance
 z - 5 potions of resistance
 B - 4 potions of invisibility
 M - 5 potions of ambrosia
 P - 6 potions of attraction
 S - 3 potions of mutation
 T - 3 potions of cancellation
 Y - 3 potions of berserk rage
Miscellaneous
 d - a sack of spiders
 Q - a tin of tremorstones (2/2)
 V - a lightning rod (4/4)
 X - a box of beasts


   Skills:
 + Level 17.4 Fighting
 - Level 7.9 Armour
 + Level 14.5 Dodging
 - Level 5.0 Stealth
 + Level 16.9 Shields
 + Level 26.2 Unarmed Combat
 - Level 3.6 Spellcasting
 - Level 1.8 Invocations
 - Level 5.9 Evocations
 + Level 21.0 Shapeshifting


You had 33 spell levels left.
You didn't know any spells.
Your spell library contained the following spells:

 Spells                   Type           Power      Damage    Failure   Level
 Apportation              Tloc           2%         N/A       50%         1
 Kiss of Death            Conj/Necr      4%         2d5       50%         1
 Magic Dart               Conj           4%         1d3       50%         1
 Sandblast                Erth           2%         2d4       50%         1
 Slow                     Hex            4%         N/A       50%         1
 Sting                    Tmut/Pois      4%         1d3       50%         1
 Summon Small Mammal      Summ           4%         N/A       50%         1
 Blink                    Tloc           2%         N/A       65%         2
 Call Imp                 Summ           2%         N/A       65%         2
 Ensorcelled Hibernation  Hex/Ice        2%         N/A       65%         2
 Jinxbite                 Hex            2%         N/A       65%         2
 Lesser Beckoning         Tloc           2%         N/A       65%         2
 Momentum Strike          Conj/Tloc      2%         3d8       65%         2
 Passwall                 Tmut/Erth      0%         N/A       65%         2
 Poisonous Vapours        Pois/Air       2%         N/A       65%         2
 Static Discharge         Conj/Air       2%         3-4/arc   65%         2
 Wereblood                Tmut           1%         N/A       65%         2
 Call Canine Familiar     Summ           1%         N/A       86%         3
 Confusing Touch          Hex            1%         N/A       86%         3
 Dazzling Flash           Conj/Hex       2%         N/A       86%         3
 Frozen Ramparts          Ice            2%         1d1       86%         3
 Hailstorm                Conj/Ice       1%         3d3       86%         3
 Ignite Poison            Fire/Tmut/Pois 1%         N/A       86%         3
 Inner Flame              Hex/Fire       1%         N/A       86%         3
 Mephitic Cloud           Conj/Pois/Air  1%         N/A       86%         3
 Ozocubu's Armour         Ice            1%         N/A       86%         3
 Sigil of Binding         Hex            1%         N/A       86%         3
 Stone Arrow              Conj/Erth      2%         3d7       86%         3
 Summon Guardian Golem    Hex/Summ       1%         N/A       86%         3
 Swiftness                Air            1%         N/A       86%         3
 Tukima's Dance           Hex            1%         N/A       86%         3
 Vampiric Draining        Necr           1%         2d6       86%         3
 Volatile Blastmotes      Fire/Tloc      2%         2d10      86%         3
 Airstrike                Air            0%         2d(1-17)  99%         4
 Brom's Barrelling Bould  Conj/Erth      1%         2d3       99%         4
 Cause Fear               Hex            0%         N/A       99%         4
 Dimensional Bullseye     Hex/Tloc       0%         N/A       99%         4
 Dispel Undead            Necr           1%         3d6       99%         4
 Iskenderun's Mystic Bla  Conj/Tloc      1%         2d3       99%         4
 Manifold Assault         Tloc           1%         N/A       99%         4
 Olgreb's Toxic Radiance  Pois           1%         N/A       99%         4
 Petrify                  Tmut/Erth      1%         N/A       99%         4
 Sticky Flame             Conj/Fire      1%         2d3       99%         4
 Summon Ice Beast         Ice/Summ       1%         N/A       99%         4
 Summon Lightning Spire   Summ/Air       1%         N/A       99%         4
 Alistair's Intoxication  Tmut/Pois      0%         N/A       100%        5
 Borgnjor's Vile Clutch   Necr/Erth      0%         N/A       100%        5
 Fireball                 Conj/Fire      0%         3d3       100%        5
 Irradiate                Conj/Tmut      0%         3d11      100%        5
 Iskenderun's Battlesphe  Conj           1%         2d6       100%        5
 Metabolic Englaciation   Hex/Ice        0%         N/A       100%        5
 Summon Forest            Summ/Tloc      0%         N/A       100%        5
 Summon Mana Viper        Hex/Summ       1%         N/A       100%        5
 Yara's Violent Unravell  Hex/Tmut       0%         3d3       100%        5
 Bombard                  Conj/Erth      0%         9d1       100%        6
 Death Channel            Necr           0%         N/A       100%        6
 Dispersal                Tloc           0%         N/A       100%        6
 Simulacrum               Ice/Necr       0%         N/A       100%        6
 Summon Cactus Giant      Summ           0%         N/A       100%        6
 Enfeeble                 Hex            0%         N/A       100%        7
 Haunt                    Necr/Summ      0%         N/A       100%        7
 Monstrous Menagerie      Summ           0%         N/A       100%        7
 Ozocubu's Refrigeration  Ice            0%         4d7       100%        7
 Spellforged Servitor     Conj/Summ      0%         N/A       100%        7
 Summon Hydra             Summ           0%         N/A       100%        7
 Borgnjor's Revivificati  Necr           0%         N/A       100%        8
 Disjunction              Tloc           0%         N/A       100%        8
 Ignition                 Fire           0%         3d3       100%        8
 Maxwell's Capacitive Co  Air            0%         ∞         100%        8
 Death's Door             Necr           0%         N/A       100%        9
 Dragon's Call            Summ           0%         N/A       100%        9
 Sublimation of Blood     Necr           Unusable   N/A       N/A         2

Dungeon Overview and Level Annotations

Branches:
Dungeon (15/15)            Temple (0/1) D:7            Lair (5/5) D:11
  Swamp (4/4) Lair:3        Snake (4/4) Lair:2        Slime (0/5) Lair:5
    Orc (2/2) D:11            Elf (0/3) Orc:2        Vaults (5/5) D:14
  Crypt (0/3) Vaults:3     Depths (4/4) D:15            Zot (5/5) Depths:4
  IceCv (visited)         Volcano (visited)

Altars:
Fedhas
Kikubaaqudgha
Okawaru
Qazlal
Uskayaw
Xom

Shops:
D:12 *   Orc:2 ?:[[   Snake:1 (   Vaults:1 =(   Vaults:3 ?   Vaults:5 !?
Zot:3 *   Depths:1 ((?!   Depths:3 [   Depths:4 =!*

Portals:
Hell: Depths:1 Depths:2 Depths:3 Depths:4
Abyss: D:4 Depths:3 Depths:4
Pandemonium: Depths:2
Ziggurat: Depths:2

Annotations:
D:4 2 transporters, Crescendo's ghost, weakling DsDe
Lair:3 2 transporters, Sykibbee's ghost, journeyman GnWn
Swamp:4 3 runed translucent doors, Crescendo's ghost, adept DsMo; ILmort's ghost, adept TrSh; Ychix's ghost, journeyman GnSk; nago's ghost, adept MfBr
Zot:3 3 runed translucent doors, Bimouf's ghost, veteran DgGl
Zot:5 2 transporters


Innate Abilities, Weirdness & Mutations

You are a living statue of rough stone.
Your actions are slow, but your melee attacks are powerful.
You are resistant to unholy torment.
Your maximum health is greatly increased.
Your equipment is partially melded.
You are immune to poison.
You have razor-sharp teeth.
Your natural rate of healing is unusually fast.
When hurt, damage is shared between your health and your magic reserves.
Your bite disrupts and absorbs the magic of your enemies.
Potions cannot restore your health.
You have very sharp fingernails.
You have a pair of small horns on your head.
((You are partially covered in iridescent scales. (AC +2)))
You are agile. (Dex +4, Str/Int -1)
You possess an exceptional clarity of mind.
Your flesh is cold resistant. (rC+)
Your flesh is heat resistant. (rF+)
You are strong-willed. (Will+)
You passively map a small area around you.
You are robust. (+10% HP)
((You are covered in fur. (AC +1)))
Your muscles are strong. (Str +4, Int/Dex -1)
You have hidden genetic potential.
You expend magic power (3 MP) to strengthen your wands.
You passively dampen the noise of your surroundings.


Message History

You eviscerate the Orb Guardian!!!
You headbutt the Orb Guardian, but do no damage.
You bite the Orb Guardian!
You kill the Orb Guardian!
You block the hell beast's attack. x2; The hell beast closely misses you.
The hell beast tramples you but does no damage.
You closely miss the hell beast. You headbutt the hell beast.
You bite the hell beast!! You drain its power.
The hell beast is moderately wounded.
You block the hell beast's attack. x2; The hell beast completely misses you.
The hell beast closely misses you.
You eviscerate the hell beast!!!!
You kill the hell beast!
Aiming: Dig
Press: ? - help, Shift-Dir - straight line A rock wall.
This square is covered in magical glow.
You feel a surge of power!
The rock shatters into small pieces.
Saving game... please wait.
Welcome back, night the Vine Stalker Shapeshifter.
Xom titters.
Press ? for a list of commands and other information.
Char dumped successfully.
Saving game... please wait.
Welcome back, night the Vine Stalker Shapeshifter.
Xom snickers.
Press ? for a list of commands and other information.
You are a living statue of rough stone.
You are flying.
Your flying speed is very slow.
Your attack delay is about 0.9 (and is slowed by your shield).
Your damage rating with unarmed combat is about 79 (Base [16 + 26 (UC)] x 147% (Str) x 129% (Fight)).
Your base attributes are Str 26, Int 10, Dex 19.
Welcome back, night the Vine Stalker Shapeshifter.
Xom titters.
Press ? for a list of commands and other information.
Welcome back, night the Vine Stalker Shapeshifter.
Xom titters.
Press ? for a list of commands and other information.
There is a staircase leading out of the dungeon here.
You have escaped!

##.## #####.# #.# #.# #.# #.# #.#
#.# #.# #.# ########## ####
###.######### ..##.###.#
#..######...........##
####..##.###.....#.##............
#.......###...8.###............
#####.......##......#..##..##..##
..# ##........#.....#.###..##.†#
.## ####...........### #..##..#
..## ####........#####.###..##
#..## #.#.......##.....#....
#...# #####.....##.###.##.##
#...### ##.....#.# #.....#
##....####### ###.#.#.###.##..#


There were no monsters in sight!

Vanquished Creatures
  3 orbs of fire (Zot:5)
  2 ancient liches (Vaults:5)
  A juggernaut (Depths:4)
  A royal mummy (Depths:2)
  The ghost of Inony the Crack Shot, a master FoHu of Okawaru (Vaults:2)
  Bai Suzhen (Swamp:3)
  9 Killer Klowns
  Saint Roka (Depths:4)
  Vashnia (Snake:4)
  3 curse toes (Zot:2)
  Jory (Vaults:3)
  Nikola (Snake:4)
  13 golden dragons
  A profane servitor (Zot:4)
  Norris (Depths:3)
  A hellephant (Depths:4)
  2 Brimstone Fiends
  3 electric golems
  2 Hell Sentinels
  15 tentacled monstrosities
  The ghost of Asunaom the Warrior, an adept HOFi of Beogh (Vaults:2)
  27 Orb Guardians
  7 titans (Vaults:5)
  8 quicksilver dragons
  4 sphinxes (Depths:2)
  14 death cobs
  Roxanne (Swamp:4)
  9 storm dragons
  Frances (Swamp:1)
  10 shadow dragons
  Agnes (D:14)
  Aizul (Snake:4)
  6 tengu reavers
  Kirke (Swamp:2)
  A thorn hunter (Swamp:4)
  6 nagarajas
  Donald (Snake:4)
  A daeva (Zot:3)
  4 draconian knights
  8 draconian monks
  A deep elf sorcerer (Vaults:5)
  11 fire giants
  16 vault wardens
  3 frost giants
  An emperor scorpion (Depths:4)
  Louise (Depths:4)
  6 draconian scorchers
  3 angels
  2 balrugs
  2 ghost moths (Zot:5)
  6 draconian shifters
  3 orc warlords
  A draconian stormcaller (Zot:4)
  8 draconian annihilators
  3 ghouls
  A cacodemon (D:13)
  A spriggan defender (Depths:3)
  A reaper (D:6)
  12 very ugly things
  3 formless jellyfish
  The ghost of disskorpion the Peltast, a journeyman GrGl of Qazlal (Orc:2)
  21 ironbound preservers
  16 stone giants
  A war gargoyle (Vaults:5)
  2 vampire knights
  6 ironbound thunderhulks
  14 green draconians
  The ghost of Kaz Ciaw the Grappler, a journeyman TrSh of Uskayaw (D:13)
  A demonspawn black sun (D:1)
  15 black draconians
  3 dire elephants (Vaults:1)
  5 eleionomae
  A minotaur (D:6)
  6 bunyips
  23 purple draconians
  A bunyip (shapeshifter) (Vaults:5)
  A deep elf annihilator (Vaults:5)
  15 white draconians
  12 red draconians
  12 yellow draconians
  Snorg (D:13)
  8 fire dragons
  2 deep elf death magi (Vaults:5)
  10 ettins
  3 mummy priests (Depths:2)
  3 entropy weavers
  Josephine (D:11)
  A merfolk impaler (D:13)
  A deep elf high priest (Vaults:5)
  2 jiangshi (Depths:2)
  15 yaktaur captains
  Harold (D:11)
  4 ice dragons (Depths:4)
  A shambling mangrove (Swamp:4)
  Erolcha (D:12)
  3 spriggan air magi
  2 rakshasas
  4 great orbs of eyes
  An ogre mage (Vaults:5)
  15 hydras
  A peacekeeper (Vaults:4)
  4 salamander tyrants
  2 hell beasts
  34 vault guards
  12 anacondas
  9 two-headed ogres
  10 tengu warriors
  13 centaur warriors
  6 death yaks
  11 ironbound frosthearts
  18 naga warriors
  3 death knights
  5 boulder beetles
  9 alligators
  7 deep troll earth magi
  5 spriggan berserkers
  6 deep troll shamans
  An orc high priest (Orc:2)
  A hell hog (Volcano)
  4 vampire magi
  5 shock serpents
  16 naga sharpshooters
  A soul eater (D:1)
  11 hell knights
  5 iron trolls
  5 sun demons
  2 shadow wraiths (Vaults:5)
  5 skysharks
  3 sixfirhies
  3 salamander mystics
  A sea snake (shapeshifter) (Lair:2)
  A flayed ghost (Depths:4)
  2 shadow demons (Zot:1)
  2 death drakes (Depths:4)
  57 deep trolls
  4 goliath frogs
  2 glowing orange brains
  4 skeletal warriors
  13 naga ritualists
  9 swamp dragons
  3 deep elf pyromancers
  17 ironbound convokers
  10 bog bodies
  A spriggan druid (Swamp:2)
  9 lindwurms
  3 phantasmal warriors
  6 necromancers
  8 arcanists
  10 harpies
  9 orc knights
  14 mana vipers
  An orc sorcerer (Orc:1)
  An oklob plant (Lair:3)
  44 ugly things
  6 manticores
  A faun (Snake:2)
  A wolf spider (Vaults:5)
  2 cyclopes
  7 elephants
  29 moths of wrath
  A toenail golem (D:1)
  A will-o-the-wisp (Swamp:3)
  2 frost giant skeletons
  8 salamanders
  Maurice (D:11)
  A titan simulacrum (Depths:1)
  A torpor snail (shapeshifter) (Depths:4)
  40 black mambas
  7 guardian serpents
  15 naga magi
  9 apocalypse crabs (Zot:2)
  An eye of devastation (Vaults:1)
  An ice statue (IceCv)
  2 torpor snails
  Jeremiah (D:8)
  22 vault sentinels
  4 orange demons
  11 cane toads
  A gargoyle (D:12)
  15 komodo dragons
  13 ice devils
  5 rime drakes
  4 freezing wraiths (IceCv)
  A yaktaur zombie (Vaults:3)
  2 anaconda simulacra (IceCv)
  4 kobold demonologists (D:8)
  44 yaktaurs
  An efreet (Depths:2)
  4 guardian mummies (Depths:2)
  A troll (shapeshifter) (Lair:5)
  13 tyrant leeches
  10 trolls
  6 tengu conjurers
  14 hornets
  A raiju (shapeshifter) (Vaults:5)
  15 polar bears
  A shadow dragon simulacrum (Depths:1)
  Grinder (D:4)
  17 dream sheep
  25 blink frogs
  A spriggan zombie (D:15)
  43 slime creatures
  A shadow (D:9)
  A centaur simulacrum (D:14)
  A spriggan (shapeshifter) (D:14)
  8 water elementals (Depths:1)
  A ynoxinul (Zot:3)
  25 spriggans
  2 vampires
  53 yaks
  A fire bat (Volcano)
  A hog (shapeshifter) (D:13)
  8 wraiths
  2 dire elephant simulacra (IceCv)
  3 hogs (Swamp:2)
  5 wyverns
  2 steam dragons
  6 basilisks
  A large abomination (Abyss:3)
  3 death yak simulacra (IceCv)
  2 neqoxecs
  2 redbacks (Vaults:4)
  9 wargs
  21 vampire mosquitoes
  A harpy simulacrum (IceCv)
  43 nagas
  19 swamp worms
  An acid dragon (D:8)
  A hell hound (Volcano)
  23 water moccasins
  50 orc warriors
  6 swamp drakes
  12 black bears
  A human zombie (Vaults:3)
  5 ice beasts
  4 ogres
  2 sky beasts (D:7)
  44 wolves
  4 boggarts (Lair:5)
  9 centaurs
  2 phantoms (D:5)
  7 kobold brigands
  6 cane toad simulacra (IceCv)
  14 bullfrogs
  4 necrophages (Swamp:3)
  3 two-headed ogre simulacra
  A human simulacrum (Depths:1)
  4 scorpions
  A glowing shapeshifter simulacrum (Vaults:3)
  4 wights (D:9)
  2 elephant simulacra (IceCv)
  3 howler monkeys
  An electric eel (Lair:4)
  4 hounds
  5 jellies
  Crazy Yiuf (D:5)
  19 orc priests
  A gnoll bouda (D:7)
  4 sleepcaps
  4 iguanas
  18 orc wizards
  Natasha (twice) (D:2)
  6 spriggan simulacra
  4 wolf simulacra (IceCv)
  2 troll simulacra (D:12)
  5 polar bear simulacra (IceCv)
  2 mummies (Depths:2)
  14 gnolls
  2 adders
  2 naga simulacra (IceCv)
  A shadow imp (D:5)
  2 white imps
  5 ufetubi
  3 worms
  A dart slug (D:5)
  113 orcs
  6 ball pythons
  4 bats
  8 endoplasms
  16 giant cockroaches
  5 goblins
  8 hobgoblins
  8 jackals
  5 quokkas
  2 frilled lizards
  25 kobolds
  23 rats
2125 creatures vanquished.

Vanquished Creatures (collateral kills)
  An Orb Guardian (Zot:5)
  A cacodemon (D:1)
  A ghoul (Swamp:3)
  A stone giant (Vaults:5)
  A sphinx skeleton (D:15)
  A storm dragon zombie (D:15)
  A naga mage (Snake:4)
  A black mamba (Snake:4)
  Maggie (D:8)
  2 slime creatures (D:11)
  An orc warrior (Orc:2)
  A swamp drake (Lair:3)
  A gnoll bouda (D:8)
  2 orc priests (Orc:2)
  3 orc wizards
  2 gnolls
  5 orcs
  A goblin (D:6)
27 creatures vanquished.

Vanquished Creatures (others)
  A draconian knight (Zot:4)
  An ironbound preserver (Vaults:5)
  An angel (D:6)
  A red draconian (Depths:4)
  A vault guard (Vaults:5)
  6 dancing weapons
  A spriggan berserker (Swamp:3)
  A lindwurm (Vaults:1)
  A vault sentinel (Vaults:1)
  2 ice devils
  2 yaktaurs (Vaults:1)
  A hellwing (Zot:1)
  2 bloated husks
  A hornet (Swamp:1)
  2 nagas
  2 orc warriors
  A wolf (Lair:4)
  A centaur (Volcano)
  Natasha (D:2)
  An orc wizard (Depths:4)
  A shadow imp (D:8)
  A ball lightning (Zot:1)
  4 foxfires (Swamp:3)
36 creatures vanquished.

Grand Total: 2188 creatures vanquished

Notes
Turn   | Place    | Note
-------+----------+-------------------------------------------
     0 | D:1      | night the Vine Stalker Shapeshifter began the quest for the
                  | Orb.
     0 | D:1      | Reached XP level 1. HP: 9/9 MP: 2/2
    46 | D:1      | You fall into a shaft and drop 1 floor!
   150 | D:2      | Reached XP level 2. HP: 14/14 MP: 1/3
   193 | D:2      | Noticed Natasha
   200 | D:2      | Killed Natasha
   201 | D:2      | Reached skill level 1 in Invocations
   201 | D:2      | Reached XP level 3. HP: 7/17 MP: 1/4
   234 | D:2      | Found a faded altar of an unknown god.
   243 | D:2      | Prayed at the altar of an unknown god.
   243 | D:2      | Became a worshipper of Xom of Chaos
   254 | D:2      | XOM: silly message
   543 | D:1      | XOM: divination: magic mapping
   712 | D:1      | XOM: divination: detect creatures
   802 | D:1      | Reached skill level 4 in Unarmed Combat
   802 | D:1      | Reached XP level 4. HP: 21/21 MP: 6/6
  1094 | D:2      | Noticed Natasha
  1133 | D:2      | Killed Natasha
  1133 | D:2      | XOM: destruction
  1187 | D:2      | XOM: scenery: create altars
  1240 | D:2      | XOM: give mutations
  1240 | D:2      | Gained mutation: Your muscles are strong. (Str +4, Int/Dex
                  | -1) [Xom's grace]
  1240 | D:2      | Gained mutation: You have large cloven feet. [Xom's grace]
  1240 | D:2      | Gained mutation: You have a somewhat thin skeletal
                  | structure. (Dex +2, Stealth+) [Xom's grace]
  1240 | D:2      | Gained mutation: You are robust. (+10% HP) [Xom's grace]
  1298 | D:2      | Noticed Natasha
  1301 | D:2      | XOM: scenery: summon butterflies
  1305 | D:2      | Killed Natasha
  1306 | D:2      | Reached XP level 5. HP: 17/27 MP: 5/7
  1353 | D:2      | XOM: give mutations
  1353 | D:2      | Gained mutation: Your flesh is heat resistant. (rF+) [Xom's
                  | grace]
  1353 | D:2      | Gained mutation: Your system is resistant to poisons.
                  | (rPois) [Xom's grace]
  1382 | D:2      | XOM: god gift: staff of fire
  1644 | D:3      | Identified a scroll of acquirement
  1644 | D:3      | Acquired a +2 hat of willpower
  1678 | D:3      | XOM: give mutation
  1678 | D:3      | Gained mutation: You passively dampen the noise of your
                  | surroundings. [Xom's grace]
  1979 | D:3      | XOM: god gift: mace {god gift}
  2387 | D:4      | Reached skill level 5 in Unarmed Combat
  2407 | D:4      | XOM: 1-stop teleportation journey
  2481 | D:4      | XOM: divination: detect creatures
  2519 | D:4      | Found a transporter.
  2537 | D:4      | Noticed Crescendo's ghost (weakling DsDe)
  2551 | D:4      | Found a transporter.
  2579 | D:4      | Noticed Grinder
  2588 | D:4      | Killed Grinder
  2589 | D:4      | Reached skill level 6 in Unarmed Combat
  2589 | D:4      | Reached XP level 6. HP: 31/31 MP: 6/8
  2591 | D:4      | Identified the +7 leather armour of Astrose {rElec rN+++
                  | Will- Str+3}
  2780 | D:4      | Found a one-way gate to the infinite horrors of the Abyss.
  2982 | D:5      | Entered Level 5 of the Dungeon
  3012 | D:5      | Noticed a water moccasin
  3022 | D:5      | XOM: cleaving
  3024 | D:5      | Killed a water moccasin
  3025 | D:5      | Reached XP level 7. HP: 28/35 MP: 5/9
  3112 | D:5      | Reached skill level 2 in Dodging
  3139 | D:5      | XOM: scenery: create altars
  3284 | D:5      | Reached skill level 7 in Unarmed Combat
  3284 | D:5      | Reached skill level 5 in Shapeshifting
  3323 | D:5      | Identified the +2 leather armour "Venluz" {rC+ Dex+4}
  3374 | D:5      | Gained mutation: You have razor-sharp teeth. [Vine Stalker
                  | growth]
  3374 | D:5      | Reached XP level 8. HP: 40/40 MP: 10/10
  3448 | D:5      | Found a runed translucent door.
  3449 | D:5      | Noticed Crazy Yiuf
  3459 | D:5      | Killed Crazy Yiuf
  3523 | D:5      | XOM: summons friendly quasit
  3801 | D:6      | XOM: 2-stop teleportation journey
  3888 | D:6      | Reached skill level 8 in Unarmed Combat
  3927 | D:6      | XOM: 8-stop teleportation journey
  4089 | D:6      | XOM: summons friendly ufetubus
  4090 | D:6      | Found an iron altar of Okawaru.
  4194 | D:7      | XOM: polymorph steam dragon -> sky beast
  4241 | D:7      | Reached XP level 9. HP: 44/44 MP: 11/11
  4277 | D:7      | XOM: confuse monster(s)
  4280 | D:7      | Reached skill level 9 in Unarmed Combat
  4323 | D:7      | Identified the +2 robe of the Wheelwright {rPois rF+ Int+3}
  4358 | D:7      | XOM: potion effect (brilliance)
  4442 | D:7      | XOM: potion effect (invisibility)
  4520 | D:7      | Found a staircase to the Ecumenical Temple.
  4537 | D:7      | XOM: cloud trail
  4578 | D:7      | XOM: noise
  5030 | D:8      | XOM: noise
  5112 | D:8      | Reached skill level 10 in Unarmed Combat
  5120 | D:8      | Reached skill level 5 in Dodging
  5125 | D:8      | Reached XP level 10. HP: 44/48 MP: 12/12
  5125 | D:8      | XOM: scenery: create altars
  5132 | D:8      | XOM: potion effect (haste)
  5149 | D:8      | Reached skill level 11 in Unarmed Combat
  5230 | D:8      | XOM: polymorph gnoll -> ball python
  5342 | D:8      | XOM: 3-stop teleportation journey
  5373 | D:8      | Noticed Maggie
  5393 | D:8      | Killed Maggie
  5459 | D:8      | Noticed Jeremiah
  5464 | D:8      | XOM: noise
  5496 | D:8      | Killed Jeremiah
  5790 | D:8      | Found the +7 Throatcutter {drain, coup de grace}
  5790 | D:8      | Noticed a kobold demonologist
  5790 | D:8      | Noticed a kobold demonologist
  5790 | D:8      | Noticed a kobold demonologist
  5790 | D:8      | Noticed a kobold demonologist
  5790 | D:8      | Noticed a kobold demonologist
  5791 | D:8      | Noticed a sixfirhy
  5795 | D:8      | XOM: noise
  5801 | D:8      | XOM: fog
  5804 | D:8      | Killed a kobold demonologist
  5805 | D:8      | Noticed a sun demon
  5805 | D:8      | XOM: cast spell 'Cause Fear'
  5808 | D:8      | Killed a kobold demonologist
  5808 | D:8      | XOM: enchant monster (bad)
  5994 | D:8      | XOM: enchant monster (bad)
  5998 | D:8      | Killed a kobold demonologist
  5998 | D:8      | XOM: enchant monster (bad)
  6007 | D:8      | Killed a kobold demonologist
  6048 | D:8      | Reached skill level 12 in Unarmed Combat
  6114 | D:9      | XOM: cast spell 'Metabolic Englaciation'
  6159 | D:9      | XOM: summons friendly shadow imp
  6231 | D:9      | Reached XP level 11. HP: 52/52 MP: 13/13
  6599 | D:9      | XOM: summons 3 friendly demons
  6606 | D:9      | Reached skill level 1 in Fighting
  6859 | D:10     | Entered Level 10 of the Dungeon
  6864 | D:10     | Noticed a two-headed ogre
  6873 | D:10     | XOM: 1-stop teleportation journey
  6919 | D:10     | Killed a two-headed ogre
  6920 | D:10     | Reached skill level 1 in Spellcasting
  6945 | D:10     | XOM: 3-stop teleportation journey
  7007 | D:10     | Noticed a two-headed ogre
  7016 | D:10     | Killed a two-headed ogre
  7037 | D:10     | Reached skill level 2 in Fighting
  7127 | D:10     | Reached skill level 2 in Spellcasting
  7158 | D:10     | Reached skill level 13 in Unarmed Combat
  7201 | D:10     | XOM: 6-stop teleportation journey
  7438 | D:10     | XOM: divination: magic mapping
  7605 | D:11     | XOM: noise
  7651 | D:11     | XOM: cast spell 'Call Canine Familiar'
  7653 | D:11     | Found a staircase to the Lair.
  7663 | D:11     | Noticed a two-headed ogre
  7663 | D:11     | XOM: confuse monster(s)
  7674 | D:11     | XOM: butterfly on damage
  7678 | D:11     | Killed a two-headed ogre
  7763 | D:11     | Found a staircase to the Orcish Mines.
  7763 | D:11     | Noticed Harold
  7777 | D:11     | Killed Harold
  7808 | D:11     | Noticed Josephine
  7812 | D:11     | XOM: summons friendly shadow imp
  7829 | D:11     | Killed Josephine
  7830 | D:11     | Reached XP level 12. HP: 61/61 MP: 17/17
  7902 | D:11     | XOM: confuse monster(s)
  7902 | D:11     | Noticed Maurice
  8039 | D:11     | Maurice stole a ring of flight
  8043 | D:11     | Killed Maurice
  8096 | D:11     | XOM: divination: detect items
  8101 | D:11     | XOM: cast spell 'Summon Mana Viper'
  8134 | D:11     | Reached skill level 1 in Stealth
  8307 | D:11     | Noticed a two-headed ogre
  8315 | D:11     | Reached skill level 1 in Armour
  8315 | D:11     | XOM: enchant monster (bad)
  8318 | D:11     | Killed a two-headed ogre
  8354 | D:11     | XOM is BORED!
  8354 | D:11     | XOM: noise
  8504 | D:12     | Identified the "Suanesho"
  8504 | IceCv    | Identified the "Gablisud"
  8504 | D:14     | Identified the of Vumeal
  8504 | Lair:1   | Entered Level 1 of the Lair of Beasts
  8513 | D:11     | Reached skill level 2 in Stealth
  8546 | Lair:1   | Reached skill level 14 in Unarmed Combat
  8649 | Lair:1   | Found a dark tunnel.
  8658 | Volcano  | Entered a volcano
  8746 | Volcano  | Noticed a two-headed ogre
  8746 | Volcano  | Noticed a two-headed ogre
  8759 | Volcano  | Killed a two-headed ogre
  8765 | Volcano  | Killed a two-headed ogre
  8766 | Volcano  | Reached skill level 2 in Armour
  8831 | Volcano  | Noticed a hell hog
  8835 | Volcano  | XOM: potion effect (might)
  8842 | Volcano  | Killed a hell hog
  9058 | Lair:1   | XOM: potion effect (attraction)
  9079 | Lair:1   | Reached XP level 13. HP: 69/69 MP: 19/19
  9118 | Lair:1   | Reached skill level 5 in Fighting
  9241 | Lair:1   | XOM: 2-stop teleportation journey
  9331 | Lair:1   | You fall into a shaft and drop 1 floor!
  9521 | Lair:1   | Reached skill level 10 in Shapeshifting
  9708 | Lair:1   | XOM: blink monster(s)
  9973 | Lair:2   | Identified the +0 chain mail of Least Resistance {rC+ rN+}
 10044 | Lair:2   | XOM: cloud trail
 10188 | Lair:2   | XOM: polymorph six-headed hydra -> skyshark
 10192 | Lair:2   | Reached skill level 5 in Stealth
 10239 | Lair:2   | XOM: summons 7 hostile demons
 10492 | Lair:2   | XOM: summons 3 hostile demons
 10588 | Lair:2   | XOM: polymorph water moccasin -> glowing shapeshifter
 10603 | Lair:2   | Reached skill level 15 in Unarmed Combat
 10848 | Lair:2   | Found a staircase to the Snake Pit.
 10909 | Lair:2   | XOM: give mutations
 10909 | Lair:2   | Gained mutation: Your magical capacity is low. (-10% MP)
                  | [Xom's mischief]
 10909 | Lair:2   | Lost mutation: Your magical capacity is low. (-10% MP)
                  | [Xom's mischief]
 10909 | Lair:2   | Lost mutation: Your flesh is heat resistant. (rF+) [Xom's
                  | mischief]
 10909 | Lair:2   | Lost mutation: Your muscles are strong. (Str +4, Int/Dex
                  | -1) [Xom's mischief]
 11092 | Lair:3   | Found a transporter.
 11120 | Lair:3   | XOM: noise
 11308 | Lair:3   | XOM: give mutation
 11308 | Lair:3   | Lost mutation: Your system is resistant to poisons. (rPois)
                  | [Xom's mischief]
 11317 | Lair:3   | Noticed Sykibbee's ghost (journeyman GnWn)
 11320 | Lair:3   | Found a transporter.
 11551 | Lair:3   | XOM: give mutations
 11551 | Lair:3   | Gained mutation: Your mind is acute. (Int +4, Str/Dex -1)
                  | [Xom's mischief]
 11551 | Lair:3   | Lost mutation: You are robust. (+10% HP) [Xom's mischief]
 11551 | Lair:3   | Lost mutation: Your mind is acute. (Int +4, Str/Dex -1)
                  | [Xom's mischief]
 11551 | Lair:3   | Lost mutation: You have large cloven feet. [Xom's mischief]
 11559 | Lair:3   | Found a staircase to the Swamp.
 11571 | Lair:3   | XOM: confusion
 11605 | Lair:3   | XOM: confuse monster(s)
 11704 | Lair:3   | Reached XP level 14. HP: 70/70 MP: 20/20
 11946 | Lair:4   | XOM: noise
 11959 | Lair:4   | XOM: silly message
 12064 | Lair:4   | XOM: repel stairs
 12075 | Lair:4   | XOM: confusion
 12082 | Lair:4   | XOM: confusion (+ monsters)
 12085 | Lair:4   | XOM: destruction
 12087 | Lair:4   | XOM: swap monsters
 12149 | Lair:4   | XOM: chaos cloud
 12170 | Lair:4   | XOM: smoke on damage
 12241 | Lair:4   | XOM: cleaving
 12252 | Lair:4   | XOM: blink monster(s)
 12311 | Lair:4   | Reached skill level 5 in Armour
 12477 | Lair:4   | XOM: noise
 12524 | Lair:4   | XOM: enchant monster (bad)
 12751 | Lair:4   | Reached skill level 16 in Unarmed Combat
 13100 | Lair:5   | Entered Level 5 of the Lair of Beasts
 13172 | Lair:5   | XOM: blink monster(s)
 13208 | Lair:5   | XOM: enchant monster (bad)
 13210 | Lair:5   | XOM: silly message
 13224 | Lair:5   | XOM: destruction
 13238 | Lair:5   | XOM: stat loss: -1 Dex (16/17)
 13244 | Lair:5   | XOM: noise
 13249 | Lair:5   | XOM: 5-stop teleportation journey
 13327 | Lair:5   | Found a staircase to the Slime Pits.
 13344 | Lair:5   | XOM: divination: detect items
 13391 | Lair:5   | XOM: torment (55/72 hp)
 13392 | Lair:5   | XOM: summons 3 hostile shadow creatures
 13589 | Lair:5   | XOM: summons 8 hostile demons
 13803 | Lair:5   | XOM: swap monsters
 13812 | Lair:5   | XOM: blink monster(s)
 13891 | Lair:5   | XOM: polymorph spriggan -> shapeshifter
 13939 | Lair:5   | XOM: noise
 14068 | Lair:5   | XOM: divination: detect items
 14132 | Lair:5   | XOM: cast spell 'Olgreb's Toxic Radiance'
 14136 | Lair:5   | XOM: cast spell 'Call Canine Familiar'
 14235 | Lair:5   | XOM: noise
 14259 | Lair:5   | Reached XP level 15. HP: 66/77 MP: 21/21
 14326 | Lair:5   | XOM: stat loss: -1 Str (25/26)
 14371 | Lair:5   | XOM: scenery: summon butterflies
 14385 | Lair:5   | Reached skill level 17 in Unarmed Combat
 14460 | Lair:5   | XOM: god gift: knobbly runed staff {god gift}
 14777 | D:12     | XOM: stealth player
 14862 | D:12     | XOM: summons friendly iron imp
 14883 | D:12     | XOM: god gift: 2 boomerangs
 14938 | D:12     | Reached skill level 10 in Dodging
 14953 | D:12     | Noticed Erolcha
 14956 | D:12     | XOM: silly message
 14960 | D:12     | Killed Erolcha
 15029 | D:12     | Found Otutsee's Demolitions Depot.
 15051 | D:12     | XOM: give mutations
 15051 | D:12     | Gained mutation: Your flesh is heat resistant. (rF+) [Xom's
                  | mischief]
 15051 | D:12     | Lost mutation: You have a somewhat thin skeletal structure.
                  | (Dex +2, Stealth+) [Xom's mischief]
 15243 | D:12     | XOM: god gift: box of beasts
 15370 | D:12     | Found a frozen archway.
 15401 | IceCv    | XOM: stealth player
 15401 | IceCv    | Entered an ice cave
 15593 | IceCv    | XOM: god gift: potion of curing
 15649 | IceCv    | XOM: give mutations
 15649 | IceCv    | Gained mutation: You have a pair of small horns on your
                  | head. [Xom's grace]
 15649 | IceCv    | Gained mutation: You are partially covered in iridescent
                  | scales. (AC +2) [Xom's grace]
 15649 | IceCv    | Gained mutation: You are strong-willed. (Will+) [Xom's
                  | grace]
 15745 | IceCv    | Found an ancient bone altar of Kikubaaqudgha.
 15818 | IceCv    | XOM: potion effect (invisibility)
 16006 | IceCv    | XOM: confusion
 16117 | IceCv    | XOM: divination: detect creatures
 16150 | IceCv    | XOM: summons 2 friendly demons
 16164 | IceCv    | XOM: potion effect (attraction)
 16165 | IceCv    | XOM: polymorph ice devil -> orange demon
 16167 | IceCv    | XOM: scenery: create altars
 16176 | IceCv    | XOM: divine lightning
 16178 | IceCv    | XOM: confuse monster(s)
 16181 | IceCv    | XOM: scenery: summon butterflies
 16633 | Orc:1    | Entered Level 1 of the Orcish Mines
 16661 | Orc:1    | XOM: 7-stop teleportation journey
 16662 | Orc:1    | You fall into a shaft and drop 1 floor!
 16662 | Orc:2    | Entered Level 2 of the Orcish Mines
 16922 | Orc:2    | XOM: summons 13 friendly demons
 16928 | Orc:2    | Reached skill level 12 in Shapeshifting
 16955 | Orc:2    | XOM: polymorph smoke demon -> sixfirhy
 17039 | Orc:2    | XOM: cloud trail
 17230 | Orc:1    | XOM: give mutations
 17230 | Orc:1    | Gained mutation: You are robust. (+10% HP) [Xom's mischief]
 17230 | Orc:1    | Lost mutation: You passively dampen the noise of your
                  | surroundings. [Xom's mischief]
 17230 | Orc:1    | Gained mutation: Your spells are a little easier to cast,
                  | but a little less powerful. [Xom's mischief]
 17281 | Orc:1    | XOM: give mutations
 17281 | Orc:1    | Gained mutation: Armour fits poorly on your strangely
                  | shaped body. [Xom's mischief]
 17281 | Orc:1    | Lost mutation: Your flesh is heat resistant. (rF+) [Xom's
                  | mischief]
 17281 | Orc:1    | Gained mutation: Your mind is acute. (Int +4, Str/Dex -1)
                  | [Xom's mischief]
 17538 | Orc:2    | XOM: summons 4 friendly demons
 17546 | Orc:2    | XOM: summons 3 friendly demons
 17554 | Orc:2    | XOM: confusion (+ monsters)
 17555 | Orc:2    | XOM: swap monsters
 17600 | Orc:2    | Found Onnous's Book Boutique.
 17614 | Orc:2    | XOM: cloud trail
 17642 | Orc:2    | Found Yjuptuod's Magic Scroll Shoppe.
 17663 | Orc:2    | Bought a scroll of identify for 20 gold pieces
 17776 | Orc:2    | Found a runed translucent door.
 17777 | Orc:2    | Noticed disskorpion's ghost (journeyman GrGl)
 17814 | Orc:2    | XOM: silly message
 17820 | Orc:2    | Killed disskorpion's ghost
 17965 | Orc:2    | Found a staircase to the Elven Halls.
 17971 | Orc:2    | XOM: give mutations
 17971 | Orc:2    | Gained mutation: Your flesh is heat resistant. (rF+) [Xom's
                  | grace]
 17971 | Orc:2    | Gained mutation: You have large cloven feet. [Xom's grace]
 17971 | Orc:2    | Gained mutation: You are somewhat resistant to further
                  | mutation. [Xom's grace]
 17971 | Orc:2    | Gained mutation: You have a pair of horns on your head.
                  | [Xom's grace]
 17977 | Orc:2    | Found Wypid's Antique Armour Boutique.
 17977 | Orc:2    | Found Nuonlote's Antique Armour Shoppe.
 17985 | Orc:2    | XOM: smoke on damage
 17987 | Orc:2    | Reached skill level 18 in Unarmed Combat
 18001 | Orc:2    | XOM: enchant monster (good)
 18133 | Orc:2    | XOM: give mutations
 18133 | Orc:2    | Gained mutation: You possess an exceptional clarity of
                  | mind. [Xom's grace]
 18133 | Orc:2    | Lost mutation: You have large cloven feet. [Xom's grace]
 18133 | Orc:2    | Gained mutation: You have sharp toenails. [Xom's grace]
 18133 | Orc:2    | Gained mutation: You are agile. (Dex +4, Str/Int -1) [Xom's
                  | grace]
 18160 | Orc:2    | XOM: god gift: amulet of Vitality {RegenMP++ Regen++}
 18161 | Orc:2    | Found the amulet of Vitality {RegenMP++ Regen++}
 18406 | D:13     | XOM: cast spell 'Summon Mana Viper'
 18413 | D:13     | XOM: scenery: create altars
 18427 | D:13     | Reached XP level 16. HP: 84/92 MP: 22/22
 18472 | D:13     | Found a runed translucent gate.
 18473 | D:13     | Found a runed translucent gate.
 18473 | D:13     | Noticed Kaz Ciaw's ghost (journeyman TrSh)
 18475 | D:13     | Found a runed translucent gate.
 18480 | D:13     | Identified the +0 leather armour of Niyfidghi {Will+
                  | Slay+5}
 18485 | D:13     | Found an iron altar of Okawaru.
 18509 | D:13     | XOM: torment (68/92 hp)
 18578 | D:13     | XOM: cloud trail
 18626 | D:13     | XOM: scenery: summon butterflies
 18950 | D:13     | Noticed Snorg
 18960 | D:13     | Killed Snorg
 19013 | D:13     | XOM: god gift: 14 gold pieces
 19235 | D:14     | XOM: potion effect (might)
 19239 | D:14     | XOM: summons friendly white imp
 19404 | D:14     | XOM: destruction
 19424 | D:14     | Found an ancient bone altar of Kikubaaqudgha.
 19444 | D:14     | XOM: summons 2 friendly demons
 19588 | D:14     | XOM: torment (69/92 hp)
 19597 | D:14     | XOM: swap monsters
 19808 | D:14     | XOM: 2-stop teleportation journey
 19905 | D:14     | Noticed Agnes
 19911 | D:14     | Killed Agnes
 19931 | D:14     | Found a gate to the Vaults.
 19936 | D:14     | XOM: chaos cloud
 19990 | D:14     | XOM: smoke on damage
 20179 | D:15     | Entered Level 15 of the Dungeon
 20339 | D:15     | Found a staircase to the Depths.
 20339 | D:15     | XOM: summons 5 friendly demons
 20387 | D:15     | XOM: 5-stop teleportation journey
 20428 | D:15     | XOM: 1-stop teleportation journey
 20444 | D:15     | Reached skill level 19 in Unarmed Combat
 20467 | D:15     | XOM: butterfly on damage
 20473 | D:15     | Reached skill level 10 in Fighting
 20686 | D:15     | XOM: summons 10 friendly demons
 20702 | D:15     | Found a blossoming altar of Fedhas.
 20749 | D:14     | XOM: scenery: summon butterflies
 20786 | D:13     | XOM: scenery: summon butterflies
 20883 | D:13     | XOM: polymorph centaur warrior -> lindwurm
 20884 | D:13     | XOM: smoke on damage
 20885 | D:13     | Killed Kaz Ciaw's ghost
 20886 | D:13     | XOM: god gift: +4 ring of protection
 20895 | D:13     | HP: 7/93 [merfolk impaler/+7 vampiric trident (12)]
 20925 | D:13     | Reached XP level 17. HP: 80/97 MP: 23/23
 20970 | D:13     | XOM: god gift: runed broad axe {god gift}
 21011 | D:13     | XOM: god gift: 1032 gold pieces
 21061 | D:12     | XOM: scenery: summon butterflies
 21124 | Orc:2    | Bought a scroll of summoning for 95 gold pieces
 21124 | Orc:2    | Bought a scroll of revelation for 75 gold pieces
 21124 | Orc:2    | Bought a scroll of teleportation for 30 gold pieces
 21124 | Orc:2    | Bought a scroll of teleportation for 30 gold pieces
 21160 | Orc:2    | Bought a translucent leather armour for 210 gold pieces
 21160 | Orc:2    | Identified the +0 leather armour "Uniletu" {rC+ Will+} (You
                  | bought it in a shop on level 2 of the Orcish Mines)
 21160 | Orc:2    | Bought a heavily runed leather armour for 210 gold pieces
 21160 | Orc:2    | Identified the +1 leather armour of Too Many Cooks {-Tele
                  | Regen+ rCorr Int+3} (You bought it in a shop on level 2 of
                  | the Orcish Mines)
 21235 | D:11     | XOM: give mutations
 21235 | D:11     | Lost mutation: You are strong-willed. (Will+) [Xom's
                  | mischief]
 21235 | D:11     | Lost mutation: Armour fits poorly on your strangely shaped
                  | body. [Xom's mischief]
 21235 | D:11     | Lost mutation: You are somewhat resistant to further
                  | mutation. [Xom's mischief]
 21330 | Swamp:1  | Entered Level 1 of the Swamp
 21339 | Swamp:1  | XOM: enchant monster (good)
 21357 | Swamp:1  | XOM: potion effect (haste)
 21381 | Swamp:1  | XOM: potion effect (brilliance)
 21404 | Swamp:1  | XOM: smoke on damage
 21433 | Lair:3   | XOM: summons friendly iron imp
 21466 | Swamp:1  | XOM: confuse monster(s)
 21471 | Swamp:1  | XOM: divination: detect creatures
 21524 | Swamp:1  | XOM: confuse monster(s)
 21578 | Swamp:1  | Identified the +8 spear of Jurghid {protect, SInv}
 21837 | Swamp:1  | Noticed Frances
 21844 | Swamp:1  | XOM: destruction
 21849 | Swamp:1  | Killed Frances
 21854 | Swamp:1  | Reached skill level 1 in Evocations
 21963 | Swamp:1  | XOM: polymorph swamp worm -> skyshark
 22000 | Swamp:1  | XOM: silly message
 22650 | Swamp:3  | Noticed Kirke
 22670 | Swamp:3  | XOM: divination: magic mapping
 22674 | Swamp:2  | Reached skill level 2 in Evocations
 22695 | Swamp:2  | HP: 9/99 [ghoul (23)]
 22779 | Swamp:2  | Killed Kirke
 22954 | Swamp:3  | XOM: noise
 23055 | Swamp:3  | XOM: silly message
 23105 | Swamp:3  | XOM: enchant monster (good)
 23117 | Swamp:3  | XOM: butterfly on damage
 23131 | Swamp:3  | Acquired the +3 pair of gloves of Elyvilon's Favour {Contam
                  | rF++ Regen+ rCorr}
 23171 | Swamp:3  | XOM: 7-stop teleportation journey
 23217 | Swamp:3  | XOM: noise
 23231 | Swamp:3  | Noticed Bai Suzhen
 23235 | Swamp:3  | XOM: enchant monster (good)
 23239 | Swamp:3  | Killed Bai Suzhen
 23567 | Swamp:4  | Entered Level 4 of the Swamp
 23756 | Swamp:4  | XOM: butterfly on damage
 23759 | Swamp:3  | XOM: cast spell 'Summon Dragon'
 23881 | Swamp:4  | XOM: scenery: create altars
 23964 | Swamp:4  | XOM: 2-stop teleportation journey
 24036 | Swamp:4  | XOM: 4-stop teleportation journey
 24110 | Swamp:4  | Noticed Roxanne
 24121 | Swamp:4  | Killed Roxanne
 24122 | Swamp:4  | Reached XP level 18. HP: 90/104 MP: 20/24
 24223 | Swamp:4  | Found a runed translucent gate.
 24223 | Swamp:4  | Found a runed translucent gate.
 24223 | Swamp:4  | Found a runed translucent gate.
 24223 | Swamp:4  | Noticed Crescendo's ghost (adept DsMo)
 24223 | Swamp:4  | Noticed Ychix's ghost (journeyman GnSk)
 24224 | Swamp:4  | Noticed nago's ghost (adept MfBr)
 24224 | Swamp:4  | Noticed ILmort's ghost (adept TrSh)
 24373 | Swamp:4  | Reached skill level 20 in Unarmed Combat
 24383 | Swamp:4  | Reached skill level 5 in Evocations
 24484 | Swamp:4  | Got a decaying rune of Zot
 24644 | Lair:2   | XOM: god gift: 41 gold pieces
 24684 | Snake:1  | Entered Level 1 of the Snake Pit
 24720 | Snake:1  | XOM: summons 3 friendly demons
 24720 | Snake:1  | XOM: smoke on damage
 25171 | Snake:1  | Found Uweicran's Weapon Shop.
 25198 | Snake:1  | Reached skill level 1 in Shields
 25250 | Snake:1  | You fall into a shaft and drop 1 floor!
 25258 | Snake:2  | XOM: silly message
 25267 | Snake:2  | XOM: silly message
 25464 | Snake:1  | XOM: confuse monster(s)
 25465 | Snake:1  | XOM: potion effect (haste)
 25536 | Snake:1  | XOM: enchant monster (good)
 25539 | Snake:1  | Reached skill level 2 in Shields
 25653 | Snake:1  | XOM: potion effect (berserk rage)
 26147 | Snake:2  | XOM: summons 4 friendly demons
 26343 | Snake:2  | XOM: polymorph naga sharpshooter -> faun
 26374 | Snake:2  | XOM: noise
 26580 | Snake:2  | XOM: chaos upgrade
 26582 | Snake:2  | XOM: chaos upgrade
 26631 | Snake:2  | XOM: enchant monster (bad)
 26633 | Snake:2  | XOM: cast spell 'Summon Ice Beast'
 26662 | Snake:2  | XOM: divination: detect creatures
 26668 | Snake:2  | Reached skill level 14 in Shapeshifting
 26669 | Snake:2  | XOM: divination: detect items
 27291 | Snake:3  | XOM: noise
 27310 | Snake:3  | Reached skill level 21 in Unarmed Combat
 27431 | Snake:3  | XOM: enchant monster (good)
 27434 | Snake:3  | XOM: enchant monster (bad)
 27443 | Snake:3  | Reached XP level 19. HP: 109/110 MP: 25/25
 27489 | Snake:3  | XOM: summons friendly crimson imp
 27608 | Snake:3  | Acquired a staff of conjuration
 27726 | Snake:4  | Entered Level 4 of the Snake Pit
 27734 | Snake:3  | XOM: potion effect (attraction)
 27767 | Snake:4  | Noticed Nikola
 27769 | Snake:4  | XOM: summons friendly quasit
 27776 | Snake:4  | Killed Nikola
 27777 | Snake:4  | Reached skill level 5 in Shields
 27833 | Snake:4  | XOM: scenery: summon butterflies
 27838 | Snake:4  | XOM: blink monster(s)
 27849 | Snake:4  | Identified the serpent talisman "Viti" {rElec}
 27849 | Snake:4  | Noticed Aizul
 27852 | Snake:4  | XOM: confuse monster(s)
 27853 | Snake:4  | XOM: polymorph naga warrior -> elephant
 27863 | Snake:4  | Killed Aizul
 27864 | Snake:4  | XOM: destruction
 27871 | Snake:4  | Noticed Donald
 27882 | Snake:4  | Killed Donald
 28112 | Snake:4  | Identified the +2 leather armour of Uskayaw's Regard
                  | {+Blink rElec rF+++ Dex-3}
 28187 | Snake:4  | XOM: scenery: create altars
 28191 | Snake:4  | Noticed Vashnia
 28194 | Snake:4  | XOM: enchant monster (bad)
 28214 | Snake:4  | Killed Vashnia
 28218 | Snake:4  | XOM: noise
 28353 | Snake:4  | XOM: smoke on damage
 28373 | Snake:4  | Identified the +8 dire flail of Lust {flame, MP+9}
 28533 | Snake:4  | XOM: enchant monster (bad)
 28534 | Snake:4  | XOM: noise
 28535 | Snake:4  | XOM: confuse monster(s)
 28538 | Snake:4  | Reached skill level 22 in Unarmed Combat
 28540 | Snake:4  | XOM: enchant monster (good)
 28541 | Snake:4  | XOM: enchant monster (good)
 28628 | Snake:4  | Got a serpentine rune of Zot
 28796 | Lair:2   | XOM: give mutations
 28796 | Lair:2   | Gained mutation: You passively map a small area around you.
                  | [Xom's grace]
 28796 | Lair:2   | Gained mutation: You have sharp fingernails. [Xom's grace]
 28796 | Lair:2   | Gained mutation: You passively dampen the noise of your
                  | surroundings. [Xom's grace]
 28917 | Vaults:1 | Entered Level 1 of the Vaults
 28927 | Vaults:1 | You fall into a shaft and drop 1 floor!
 29140 | Vaults:2 | XOM: 1-stop teleportation journey
 29141 | Vaults:2 | XOM: divination: detect items
 29206 | Vaults:2 | XOM: scenery: summon butterflies
 29210 | Vaults:2 | XOM: confuse monster(s)
 29217 | Vaults:2 | Reached XP level 20. HP: 115/115 MP: 26/26
 29231 | Vaults:2 | XOM: silly message
 29237 | Vaults:2 | XOM: divination: detect creatures
 29321 | Vaults:2 | XOM: cast spell 'Olgreb's Toxic Radiance'
 29356 | Vaults:2 | XOM: noise
 29434 | Vaults:2 | XOM: silly message
 29569 | Vaults:2 | Found a large runed translucent door.
 29569 | Vaults:2 | Found a large runed translucent door.
 29569 | Vaults:2 | Noticed Inony's ghost (master FoHu)
 29569 | Vaults:2 | Noticed Asunaom's ghost (adept HOFi)
 29581 | Vaults:2 | XOM: potion effect (haste)
 29588 | Vaults:2 | XOM: silly message
 29680 | Vaults:1 | XOM: give mutations
 29680 | Vaults:1 | Lost mutation: You have sharp toenails. [Xom's mischief]
 29680 | Vaults:1 | Lost mutation: Your spells are a little easier to cast, but
                  | a little less powerful. [Xom's mischief]
 29680 | Vaults:1 | Lost mutation: You are partially covered in iridescent
                  | scales. (AC +2) [Xom's mischief]
 29680 | Vaults:1 | Gained mutation: Armour fits poorly on your strangely
                  | shaped body. [Xom's mischief]
 29762 | Vaults:1 | XOM: summons 4 friendly demons
 29803 | Vaults:1 | XOM: summons 1 hostile demon
 29857 | Vaults:1 | Found Huuj's Jewellery Shoppe.
 29880 | Vaults:1 | Identified the amulet of Fanaticism {Reflect -Cast Harm
                  | rC+++ Dex-3 SH+5} (Xom gifted it to you on level 1 of the
                  | Vaults)
 29880 | Vaults:1 | XOM: god gift: amulet of Fanaticism {Reflect -Cast Harm
                  | rC+++ Dex-3 SH+5}
 29914 | Vaults:1 | Reached skill level 23 in Unarmed Combat
 29915 | Vaults:1 | XOM: polymorph deep troll -> eye of devastation
 29918 | Vaults:1 | XOM: cast spell 'Summon Mana Viper'
 29950 | Vaults:1 | XOM: enchant monster (good)
 30090 | Vaults:1 | XOM: summons friendly crimson imp
 30097 | Vaults:1 | Identified the +3 chain mail of the Hanged Man {Will+
                  | Dex+4}
 30105 | Vaults:1 | XOM: potion effect (might)
 30106 | Vaults:1 | XOM: divine lightning
 30206 | Vaults:1 | XOM: scenery: 2 doors close
 30207 | Vaults:1 | XOM: divine lightning
 30330 | Vaults:1 | Found Saujoc's Weapon Shop.
 30461 | Vaults:1 | XOM: cleaving
 30463 | Vaults:1 | XOM: destruction
 30482 | Vaults:1 | XOM: silly message
 30657 | Vaults:2 | XOM: cast spell 'Summon Cactus Giant'
 30663 | Vaults:2 | Killed Asunaom's ghost
 30719 | Vaults:2 | Identified the ring "Litec" {rPois rC- rN+ Str+4}
 30815 | Vaults:2 | Killed Inony's ghost
 31011 | Vaults:2 | Reached skill level 16 in Shapeshifting
 31020 | Vaults:2 | XOM: potion effect (brilliance)
 31111 | Vaults:3 | Found Jeruutegu's Magic Scroll Boutique.
 31116 | Vaults:3 | Bought a scroll of summoning for 199 gold pieces
 31116 | Vaults:3 | Bought a scroll of teleportation for 63 gold pieces
 31166 | Vaults:3 | XOM: divination: detect items
 31173 | Vaults:3 | XOM: divination: detect items
 31182 | Vaults:3 | Reached XP level 21. HP: 119/119 MP: 27/27
 31373 | Vaults:3 | XOM: 2-stop teleportation journey
 31621 | Vaults:3 | Noticed Jory
 31635 | Vaults:3 | Killed Jory
 31664 | Vaults:3 | XOM: noise
 31683 | Vaults:3 | XOM: god gift: 2 datura-tipped darts
 31685 | Vaults:3 | Reached skill level 24 in Unarmed Combat
 31718 | Vaults:3 | Found a staircase to the Crypt.
 32294 | Vaults:4 | XOM: fake destruction
 32297 | Vaults:4 | XOM: cleaving
 32503 | Vaults:4 | Reached skill level 10 in Shields
 32505 | Vaults:4 | XOM: god gift: +2 lajatang of chaos
 32514 | Vaults:4 | XOM: polymorph centaur warrior -> swamp worm
 32537 | Vaults:4 | XOM: give mutations
 32537 | Vaults:4 | Lost mutation: You possess an exceptional clarity of mind.
                  | [Xom's mischief]
 32537 | Vaults:4 | Lost mutation: Your flesh is heat resistant. (rF+) [Xom's
                  | mischief]
 32537 | Vaults:4 | Gained mutation: You are very robust. (+20% HP) [Xom's
                  | mischief]
 32651 | Vaults:4 | XOM: polymorph yaktaur -> black mamba
 32685 | Vaults:4 | XOM: summons 2 hostile shadow creatures
 32922 | Vaults:4 | XOM: god gift: knobbly opal ring {god gift}
 32967 | Vaults:4 | XOM: scenery: 1 doors open, 1 doors close
 33005 | Vaults:4 | XOM: give mutations
 33005 | Vaults:4 | Gained mutation: Your mind is very acute. (Int +8, Str/Dex
                  | -2) [Xom's grace]
 33005 | Vaults:4 | Gained mutation: Your muscles are strong. (Str +4, Int/Dex
                  | -1) [Xom's grace]
 33005 | Vaults:4 | Gained mutation: You are strong-willed. (Will+) [Xom's
                  | grace]
 33005 | Vaults:4 | Gained mutation: You are highly strong-willed. (Will++)
                  | [Xom's grace]
 33149 | Vaults:4 | XOM: stat loss: -1 Str (26/27)
 33159 | Vaults:4 | XOM: god gift: 25 gold pieces
 33244 | Vaults:4 | XOM: god gift: scale mail {god gift}
 33481 | Vaults:5 | Identified the "Emojon"
 33481 | Crypt:2  | Identified the "Fufew"
 33481 | Crypt:3  | Identified the "Edofohut"
 33481 | WizLab   | Identified the "Kaackod"
 33481 | WizLab   | Identified the "Hod Dun"
 33481 | WizLab   | Identified the of Kesa
 33481 | Depths:1 | Entered Level 1 of the Depths
 33748 | Depths:1 | XOM: cleaving
 33790 | Depths:1 | XOM: scenery: summon butterflies
 33817 | Depths:1 | Found Aliusuamn's Antique Weapon Boutique.
 33819 | Depths:1 | Found Tibuf's Magic Scroll Boutique.
 33821 | Depths:1 | Found Asargh's Distillery.
 33833 | Depths:1 | Found Gyde's Weapon Boutique.
 33837 | Depths:1 | Bought a scroll of teleportation for 42 gold pieces
 33837 | Depths:1 | Bought a scroll of blinking for 105 gold pieces
 33837 | Depths:1 | Bought a scroll of silence for 133 gold pieces
 33849 | Depths:1 | Bought a potion of ambrosia for 176 gold pieces
 33849 | Depths:1 | Bought a potion of haste for 220 gold pieces
 33849 | Depths:1 | Bought a potion of haste for 220 gold pieces
 33859 | Depths:1 | XOM: potion effect (experience)
 33859 | Depths:1 | Reached skill level 12 in Dodging
 33859 | Depths:1 | Reached XP level 22. HP: 136/136 MP: 28/28
 33872 | Depths:1 | Found a stormy altar of Qazlal.
 33924 | Depths:1 | Found a gateway to Hell.
 33931 | Depths:1 | XOM: enchant monster (bad)
 34179 | Depths:2 | XOM: enchant monster (bad)
 34195 | Depths:2 | XOM: confuse monster(s)
 34202 | Depths:2 | Reached XP level 23. HP: 141/141 MP: 29/29
 34245 | Depths:2 | XOM: 3-stop teleportation journey
 34267 | Depths:2 | XOM: god gift: club {god gift}
 34273 | Depths:2 | XOM: chaos upgrade
 34277 | Depths:2 | XOM: god gift: 34 gold pieces
 34314 | Depths:2 | XOM: scenery: summon butterflies
 34366 | Depths:2 | Found a one-way gate leading to the halls of Pandemonium.
 34511 | Depths:2 | Noticed a royal mummy
 34520 | Depths:2 | Killed a royal mummy
 34631 | Depths:2 | Found a one-way gateway to a ziggurat.
 34804 | Depths:2 | Reached skill level 12 in Fighting
 34867 | Depths:3 | Found a hide-covered altar of Uskayaw.
 34942 | Depths:3 | Identified the +0 leather armour of the Kappa {rElec Regen+
                  | Dex+3}
 34974 | Depths:3 | Noticed Norris
 34983 | Depths:3 | XOM: torment (128/184 hp)
 34984 | Depths:3 | Killed Norris
 35035 | Depths:3 | XOM: 5-stop teleportation journey
 35126 | Depths:3 | XOM: enchant monster (bad)
 35343 | Depths:3 | XOM: divination: detect creatures
 35485 | Depths:3 | Found Jeifiss's Antique Armour Boutique.
 35488 | Depths:3 | XOM: silly message
 35491 | Abyss:3  | XOM: noise
 35491 | Abyss:3  | Cast into level 3 of the Abyss (hell knight)
 35500 | Abyss:3  | Found a corrupted altar of Lugonu.
 35560 | Depths:3 | Escaped the Abyss
 35564 | Depths:3 | XOM: potion effect (haste)
 35568 | Depths:3 | XOM: silly message
 35654 | Depths:3 | XOM: divination: detect creatures
 35689 | Depths:3 | XOM: potion effect (invisibility)
 35813 | Depths:4 | Identified the "Diduuryi"
 35813 | Depths:4 | Identified the of Aninoi
 35813 | Depths:4 | Entered Level 4 of the Depths
 35813 | Depths:4 | Noticed a golden dragon
 35815 | Depths:4 | XOM: potion effect (invisibility)
 35825 | Depths:3 | XOM: potion effect (might)
 35826 | Depths:3 | Killed a golden dragon
 35828 | Depths:3 | Reached skill level 12 in Shields
 35833 | Depths:4 | XOM: potion effect (brilliance)
 35835 | Depths:4 | XOM: silly message
 35868 | Depths:4 | Found Fipit's Assorted Antiques.
 35909 | Depths:4 | XOM: potion effect (might)
 35931 | Depths:4 | XOM: silly message
 35989 | Depths:4 | Found a gate to the Realm of Zot.
 35989 | Depths:4 | Noticed a golden dragon
 35989 | Depths:4 | Noticed Saint Roka
 35996 | Depths:4 | Killed a golden dragon
 36003 | Depths:4 | XOM: polymorph red draconian -> death yak
 36004 | Depths:4 | XOM: confusion (+ monsters)
 36022 | Depths:4 | Reached skill level 18 in Shapeshifting
 36022 | Depths:4 | Found Rageusestri's Distillery.
 36022 | Depths:4 | XOM: 1-stop teleportation journey
 36046 | Depths:4 | XOM: chaos upgrade
 36092 | Depths:4 | Noticed Louise
 36100 | Depths:4 | Killed Louise
 36131 | Depths:4 | Found Woexeis's Jewellery Shoppe.
 36160 | Depths:4 | XOM: divination: magic mapping
 36269 | Depths:4 | XOM: chaos upgrade
 36280 | Depths:4 | Killed Saint Roka
 36290 | Depths:4 | XOM: stat loss: -1 Str (26/27)
 36300 | Depths:4 | XOM: chaos upgrade
 36303 | Depths:4 | Reached XP level 24. HP: 152/152 MP: 28/29
 36322 | Depths:4 | XOM: silly message
 36353 | Depths:4 | XOM: fog
 36486 | Depths:4 | XOM: god gift: chain mail {god gift}
 36513 | Depths:4 | XOM: divine lightning
 36531 | Depths:4 | XOM: 1-stop teleportation journey
 36550 | Depths:4 | Noticed a juggernaut
 36558 | Depths:4 | XOM: fog
 36565 | Depths:4 | Killed a juggernaut
 36661 | Depths:4 | XOM: 2-stop teleportation journey
 36690 | Depths:4 | XOM: smoke on damage
 36714 | Depths:4 | XOM: god gift: wand of polymorph (5)
 36719 | Depths:4 | XOM: confusion (+ monsters)
 36724 | Depths:4 | XOM: polymorph tentacled monstrosity -> hellephant
 36742 | Depths:4 | XOM: confuse monster(s)
 36751 | Depths:4 | XOM: polymorph storm dragon -> emperor scorpion
 36920 | Depths:4 | Reached skill level 14 in Fighting
 36926 | Depths:4 | XOM: silly message
 37262 | Vaults:5 | XOM: stealth player
 37262 | Vaults:5 | Entered Level 5 of the Vaults
 37286 | Vaults:5 | Noticed an ancient lich
 37286 | Vaults:5 | Found Ubriq's Distillery.
 37286 | Vaults:5 | Found Umaquik's Magic Scroll Shoppe.
 37307 | Vaults:5 | XOM: summons friendly quasit
 37310 | Vaults:5 | Noticed an ancient lich
 37320 | Vaults:5 | Killed an ancient lich
 37329 | Vaults:5 | XOM: summons 5 friendly demons
 37331 | Vaults:5 | Killed an ancient lich
 37338 | Vaults:5 | Reached skill level 14 in Shields
 37339 | Vaults:5 | XOM: scenery: summon butterflies
 37347 | Vaults:5 | XOM: scenery: summon butterflies
 37365 | Vaults:5 | XOM: enchant monster (good)
 37366 | Vaults:5 | XOM: scenery: create altars
 37369 | Vaults:5 | XOM: summons 4 friendly demons
 37376 | Vaults:5 | XOM: summons friendly white imp
 37432 | Vaults:5 | XOM: chaos upgrade
 37441 | Vaults:5 | XOM: blink monster(s)
 37448 | Vaults:5 | XOM: potion effect (haste)
 37547 | Vaults:5 | Reached XP level 25. HP: 162/162 MP: 29/29
 37554 | Vaults:5 | Bought a scroll of teleportation for 48 gold pieces
 37554 | Vaults:5 | Bought a scroll of blinking for 120 gold pieces
 37554 | Vaults:5 | Bought a scroll of fog for 64 gold pieces
 37609 | Vaults:5 | XOM: fog
 37626 | Vaults:5 | Bought 2 potions of resistance for 280 gold pieces
 37756 | Vaults:5 | XOM: enchant monster (bad)
 37793 | Vaults:5 | XOM: give mutation
 37793 | Vaults:5 | Lost mutation: You are very robust. (+20% HP) [Xom's
                  | mischief]
 37896 | Vaults:5 | Identified the +2 war axe "Tejy" {vamp, *Slow rElec rCorr
                  | SInv}
 37896 | Vaults:5 | Identified the ring "Boshrimics" {rC+ Will+ Dex+2}
 37938 | Vaults:5 | Identified the +5 mace "Gorchauf" {freeze, rElec rF+ Will+
                  | Str+2}
 38049 | Vaults:5 | Identified the ring "Elen" {Wiz rN+ Dex+2}
 38058 | Vaults:5 | XOM: silly message
 38092 | Vaults:5 | XOM: 7-stop teleportation journey
 38094 | Vaults:5 | XOM: noise
 38259 | Vaults:5 | XOM: enchant monster (bad)
 38447 | Vaults:5 | Got a silver rune of Zot
 38595 | Vaults:5 | XOM: scenery: 1 doors close
 38679 | Vaults:5 | Identified the staff of the Undead {rC+ rN+ Will+++ Dex-2
                  | Summ Ice}
 38686 | Vaults:5 | Identified the +5 plate armour of Spaghetti {Dex+3}
 38748 | Vaults:5 | XOM: give mutations
 38748 | Vaults:5 | Gained mutation: You are very agile. (Dex +8, Str/Int -2)
                  | [Xom's grace]
 38748 | Vaults:5 | Gained mutation: You are very robust. (+20% HP) [Xom's
                  | grace]
 38748 | Vaults:5 | Gained mutation: Your flesh is cold resistant. (rC+) [Xom's
                  | grace]
 38748 | Vaults:5 | Gained mutation: Your muscles are very strong. (Str +8,
                  | Int/Dex -2) [Xom's grace]
 38776 | Vaults:5 | Identified the +8 hand axe "Big Vem" {freeze, rElec}
 38778 | Vaults:5 | Identified the +1 scale mail "Loteegabo" {rElec rC+ Dex+2}
 38939 | Vaults:2 | XOM: give mutations
 38939 | Vaults:2 | Gained mutation: You heal very quickly. [Xom's grace]
 38939 | Vaults:2 | Gained mutation: You have large cloven feet. [Xom's grace]
 38939 | Vaults:2 | Lost mutation: You have large cloven feet. [Xom's grace]
 38939 | Vaults:2 | Gained mutation: You have sharp toenails. [Xom's grace]
 39155 | Elf:3    | Identified the "Vidi"
 39155 | Zot:1    | Entered Level 1 of the Realm of Zot
 39158 | Zot:1    | Reached skill level 25 in Unarmed Combat
 39164 | Zot:1    | XOM: divination: detect creatures
 39167 | Zot:1    | XOM: scenery: summon butterflies
 39171 | Zot:1    | XOM: enchant monster (good)
 39295 | Zot:1    | XOM: blink monster(s)
 39560 | Zot:1    | Identified the +2 shortbow "Sinec" {heavy, rElec rN+ Will+
                  | Int-2}
 39613 | Zot:1    | XOM: give mutations
 39613 | Zot:1    | Lost mutation: You heal very quickly. [Xom's mischief]
 39613 | Zot:1    | Lost mutation: Armour fits poorly on your strangely shaped
                  | body. [Xom's mischief]
 39613 | Zot:1    | Lost mutation: Your mind is very acute. (Int +8, Str/Dex
                  | -2) [Xom's mischief]
 39801 | Zot:1    | XOM: give mutations
 39801 | Zot:1    | Lost mutation: You are very robust. (+20% HP) [Xom's
                  | mischief]
 39801 | Zot:1    | Lost mutation: Your mind is acute. (Int +4, Str/Dex -1)
                  | [Xom's mischief]
 39801 | Zot:1    | Lost mutation: You are highly strong-willed. (Will++)
                  | [Xom's mischief]
 39931 | Zot:2    | XOM: summons 4 hostile shadow creatures
 39940 | Zot:2    | XOM: chaos upgrade
 39941 | Zot:2    | XOM: 2-stop teleportation journey
 40287 | Zot:2    | Identified the +1 scale mail "Gaxelyac" {Contam +Blink Fly
                  | Dex-5}
 40288 | Zot:2    | Identified the ring "Ywegyk" {Fly rF+ Will+ SInv Stlth+}
 40461 | Zot:2    | XOM: summons 9 friendly demons
 40514 | Zot:2    | XOM: cloud trail
 40884 | Zot:3    | Identified the of Libuym
 40908 | Zot:3    | Found a runed translucent gate.
 40908 | Zot:3    | Found a runed translucent gate.
 40908 | Zot:3    | Found a runed translucent gate.
 40909 | Zot:3    | Noticed Bimouf's ghost (veteran DgGl)
 40909 | Zot:3    | Noticed an ancient lich
 40926 | Zot:3    | Noticed a Killer Klown
 40926 | Zot:3    | XOM: 1-stop teleportation journey
 40927 | Zot:3    | Killed a Killer Klown
 40928 | Zot:3    | Reached skill level 20 in Shapeshifting
 40992 | Zot:3    | Reached skill level 16 in Fighting
 40994 | Zot:3    | Found Wouc's Changing Room.
 41215 | Zot:3    | XOM: 4-stop teleportation journey
 41220 | Zot:3    | Reached XP level 26. HP: 156/156 MP: 27/29
 41401 | Zot:3    | XOM: give mutations
 41401 | Zot:3    | Lost mutation: You have sharp toenails. [Xom's mischief]
 41401 | Zot:3    | Gained mutation: You have very sharp fingernails. [Xom's
                  | mischief]
 41895 | Zot:4    | XOM: silly message
 41960 | Zot:4    | Noticed a Killer Klown
 41960 | Zot:4    | Noticed a Killer Klown
 41960 | Zot:4    | XOM: 5-stop teleportation journey
 42048 | Zot:4    | Paralysed by a Zot trap for 5 turns
 42074 | Zot:4    | XOM: summons friendly white imp
 42081 | Zot:4    | XOM: give mutations
 42081 | Zot:4    | Gained mutation: You have hidden genetic potential. [Xom's
                  | grace]
 42081 | Zot:4    | Gained mutation: You expend magic power (3 MP) to
                  | strengthen your wands. [Xom's grace]
 42086 | Zot:4    | XOM: enchant monster (good)
 42439 | Zot:4    | Killed a Killer Klown
 42447 | Zot:4    | XOM: confuse monster(s)
 42451 | Zot:4    | XOM: scenery: create altars
 42455 | Zot:4    | Killed a Killer Klown
 42642 | Zot:5    | Entered Level 5 of the Realm of Zot
 42700 | Zot:5    | Reached skill level 16 in Shields
 42713 | Zot:5    | XOM: smoke on damage
 42898 | Zot:5    | XOM: god gift: +1 demon whip of chaos
 42903 | Zot:5    | Identified the +0 scale mail of Alageff {rPois rN+ Str-4}
 42973 | Zot:5    | XOM: fog
 43008 | Zot:5    | Found a transporter.
 43018 | Zot:5    | Found a transporter.
 43041 | Zot:5    | Found a transporter.
 43088 | Zot:5    | Found a transporter.
 43234 | Zot:5    | Noticed a Killer Klown
 43234 | Zot:5    | Noticed a Killer Klown
 43234 | Zot:5    | Noticed a Killer Klown
 43234 | Zot:5    | Noticed an orb of fire
 43234 | Zot:5    | Noticed a Killer Klown
 43234 | Zot:5    | Noticed an orb of fire
 43234 | Zot:5    | Noticed an orb of fire
 43234 | Zot:5    | Noticed a Killer Klown
 43234 | Zot:5    | Noticed a Killer Klown
 43234 | Zot:5    | XOM: 6-stop teleportation journey
 43355 | Zot:5    | XOM: 1-stop teleportation journey
 43412 | Zot:5    | Killed an orb of fire
 43413 | Zot:5    | Lost mutation: You are very agile. (Dex +8, Str/Int -2) [an
                  | orb of fire]
 43415 | Zot:5    | Killed an orb of fire
 43424 | Zot:5    | XOM: summons 3 friendly demons
 43427 | Zot:5    | Killed a Killer Klown
 43428 | Zot:5    | Reached skill level 14 in Dodging
 43446 | Zot:5    | XOM: noise
 43453 | Zot:5    | Killed a Killer Klown
 43458 | Zot:5    | XOM: summons friendly iron imp
 43459 | Zot:5    | Reached XP level 27. HP: 163/163 MP: 29/29
 43527 | Zot:5    | Gained mutation: Your spells are a little easier to cast,
                  | but a little less powerful. [an orb of fire]
 43536 | Zot:5    | Reached skill level 26 in Unarmed Combat
 43536 | Zot:5    | Lost mutation: Your spells are a little easier to cast, but
                  | a little less powerful. [an orb of fire]
 43537 | Zot:5    | Killed an orb of fire
 43615 | Zot:5    | Gained mutation: Your flesh is heat resistant. (rF+)
                  | [hidden potential]
 43621 | Zot:5    | XOM: give mutation
 43621 | Zot:5    | Gained mutation: You possess an exceptional clarity of
                  | mind. [Xom's grace]
 43633 | Zot:5    | XOM: scenery: summon butterflies
 43638 | Zot:5    | XOM: smoke on damage
 43642 | Zot:5    | XOM: give mutations
 43642 | Zot:5    | Gained mutation: You are partially covered in iridescent
                  | scales. (AC +2) [Xom's grace]
 43642 | Zot:5    | Gained mutation: You are covered in fur. (AC +1) [Xom's
                  | grace]
 43644 | Zot:5    | XOM: summons 16 friendly demons
 43650 | Zot:5    | XOM: enchant monster (bad)
 43668 | Zot:5    | XOM: chaos cloud
 44064 | Zot:5    | Got the Orb of Zot
 44144 | Zot:4    | Noticed a seraph
 44144 | Zot:4    | Identified the +0 tower shield "Ibreofov" {Dex+4}
 44153 | Zot:4    | XOM: summons friendly shadow imp
 44258 | Zot:1    | Lost mutation: You have a pair of horns on your head.
                  | [mutagenic glow]
 44269 | Zot:1    | Lost mutation: Your muscles are very strong. (Str +8,
                  | Int/Dex -2) [mutagenic glow]
 44273 | Zot:1    | XOM: scenery: 1 doors open, 1 doors close
 44278 | Zot:1    | Noticed Cysih the pandemonium lord
 44280 | Zot:1    | XOM: cleaving
 44301 | Zot:1    | Noticed Jyacer the pandemonium lord
 44309 | Zot:1    | XOM: cast spell 'Death Channel'
 44310 | Zot:1    | XOM: summons 2 friendly demons
 44402 | Depths:4 | XOM: repel stairs
 44405 | Depths:4 | XOM: confuse monster(s)
 44497 | Depths:1 | Noticed Kaxafome the pandemonium lord
 44773 | D:6      | XOM: polymorph demonspawn warmonger -> minotaur
 44803 | D:6      | Noticed a seraph
 44812 | D:6      | XOM: enchant monster (good)
 44965 | D:1      | Upgraded the game from 0.31-a0-981-geadf994542 to
                  | 0.31-a0-983-g7b6862f502
 44968 | D:$      | Escaped with the Orb!

Illustrated notes

Levels and vault maps discovered:
D:1:      dpeg_arrival_arbitrary_a, layout_loops_ring
D:2:      minmay_skewed_foursquare, layout_basic,
          dreamdust_ecumenical_altar_statues, uniq_natasha
D:3:      minmay_roachtagon, layout_basic, nicolae_the_louvre
D:4:      layout_loops_ring, gammafunk_ghost_abyssal_escape, minmay_rat_hole,
          uniq_grinder
D:5:      layout_rooms, uniq_crazy_yiuf_cottage
D:6:      layout_rooms, okawaru_altar_gauntlet_db, small_statue_alley_b,
          solitary_fountain
D:7:      layout_basic, temple_hall
D:8:      layout_loops_ring, dilly_guarded_unrand_throatcut, uniq_jeremiah,
          uniq_maggie
D:9:      layout_roguey [special_room_orc]
D:10:     layout_loops_cross
D:11:     layout_cave_pools, hellmonk_lair_entry_icy, uniq_josephine,
          uniq_maurice, uniq_harold
D:12:     layout_cave_pods, portal_ice_cave_entry_ice_simulacra,
          nicolae_blasting_shop, uniq_erolcha
D:13:     layout_loops_corners, gammafunk_ghost_fury_of_okawaru, uniq_snorg
D:14:     layout_basic, lightli_vaults_fourway_checkpoint,
          kiku_gazebo_pond_becter, uniq_agnes
D:15:     gammafunk_depths_entry_grave, layout_loops_cross,
          fedhas_altar_fruit_tree, worms_lemuel
Lair:1:   beast_lair_carwin_large_4, layout_cave_pods, enter_volcano_4
Lair:2:   nzn_winding_woodlands_three_and_one
          [nzn_winding_woodlands_5x15_parted, nzn_winding_woodlands_5x15_twine,
          nzn_winding_woodlands_5x15_pathside_ponds,
          nzn_winding_woodlands_center_garden], layout_loops_ring,
          alex1729_snake_entry_snake
Lair:3:   layout_loops_ring, minmay_swamp_entry_reptiles, gammafunk_ghost_arena
Lair:4:   layout_small_grid, grunt_megastairs_2, infiniplex_staircase_pool
Lair:5:   minmay_lair_end_enchanted_forest, layout_cave_pods,
          minmay_slime_entry_pillars, minivault_26, serial_bayou_shore_a
Swamp:1:  tekkud_swamp_unearthing_site, layout_basic_swamp,
          evilmike_swamp_ruin_rubble_2, evilmike_swamp_ruin_house_4,
          uniq_frances
Swamp:2:  layout_falls_marsh, evilmike_swamp_ruin_house_1
Swamp:3:  layout_basic_swamp, evilmike_swamp_ruin_house_2, swamp_pool_3,
          nicolae_swamp_tree_isthmus, uniq_bai_suzhen, uniq_kirke
Swamp:4:  swamp_basic_johnstein, layout_basic_swamp, gammafunk_ghost_cemetery,
          swamp_pool_1_2, uniq_roxanne
Snake:1:  layout_cave_shapes, serial_shops, shop, nicolae_integral_box
Snake:2:  layout_chambers, nicolae_snake_naga_rites
Snake:3:  layout_misc_corridors
Snake:4:  hellmonk_snake_rune_quicksilver_temple, layout_onion, uniq_donald,
          uniq_aizul, uniq_nikola, uniq_vashnia
Orc:1:    layout_caves
Orc:2:    st_orc_town, layout_caves, ebering_ghost_reflecting_pool
Vaults:1: nicolae_vaults_surprise_closet, vaults_dpeg_ring,
          vaults_room_large_hall, nicolae_vaults_sightless_eye,
          ontoclasm_vaults_claustrophobia, nicolae_vaults_cochlea,
          vaults_mumra_minichess, v_misc_4, nicolae_vaults_heist,
          nicolae_vaults_big_angled_halls, vaults_dpeg_cross, v_alt_pattern_4,
          hangedman_vaults_variations, nicolae_vaults_quartermaster,
          ontoclasm_vaults_bender, nicolae_vaults_double_plus_3,
          nicolae_vaults_variable_pillar_hall, nicolae_vaults_house_1,
          layout_vaults_omnibox, serial_shops, shop, shop
Vaults:2: advil_vaults_ghost_guards, nicolae_vaults_trapezoid_lopsided_4,
          nicolae_vaults_an_arrangement, ontoclasm_vaults_idyll,
          nicolae_vaults_offset_grid_hallway_1, vaults_mumra_chevron,
          vaults_room_stairs_pillars, vaults_mumra_minichess_inversion,
          ontoclasm_vaults_shuriken, nicolae_vaults_yaktaur_gun_rack,
          serial_ice_m, layout_vaults_big_room
Vaults:3: v_alt_pattern_1, nicolae_vaults_tetromino_T_2,
          nicolae_vaults_tetromino_Z_1, nicolae_vaults_heart-shaped_vault,
          nicolae_vaults_tetromino_L_2, hangedman_vaults_stagger,
          nicolae_vaults_stepped_doors, nicolae_vaults_asterisk,
          vaults_dpeg_hooks, layout_vaults_omnigrid,
          minmay_crypt_entry_simple_walls, serial_shops,
          nicolae_shop_real_fake_doors, uniq_jory
Vaults:4: v_misc_8, nicolae_vaults_closet_pinwheel_4, nicolae_vaults_six-pack,
          kb_rosetta, nicolae_vaults_more_shelving_2, ontoclasm_vaults_eye,
          vaults_room_boxed, serial_ice_m, nicolae_vaults_trapezoid_2,
          nicolae_vaults_cochlea, nicolae_vaults_hexular_roomagon,
          nicolae_vaults_tetromino_T_2, nicolae_vaults_diamond_2,
          ontoclasm_vaults_decontamination, layout_vaults_omnicross
Vaults:5
Depths:1: layout_forbidden_donut, hell_entry, minmay_shop_grid_forest,
          nicolae_qazlal_style_of_elements
Depths:2: ragdoll_tomb_raider, layout_cave_pools, enter_ziggurat_a, hell_entry,
          rand_demon_pan_entry_7, minmay_misc_feat_chi,
          minmay_staircase_windowed_large
Depths:3: abrahamwl_protected_by_tso_1, layout_basic, grunt_metal_band,
          serial_shops, shop, hangedman_abyss_entry_splay,
          nicolae_uskayaw_suspiria, uniq_norris
Depths:4: lemuel_castle_with_subvaults [lemuel_castle_interior_original],
          layout_cave_shapes, serial_shops, shop, shop, shop, pf_coc_iceberg,
          nicolae_abyss_entry_one_way_or_another, uniq_saint_roka
Zot:1:    layout_misc_corridors, grunt_ministairs_3, zot_minivault_6,
          grunt_megastairs_3
Zot:2:    gammafunk_mikee_crab_dinner, layout_basic
Zot:3:    layout_cathedral_of_symmetry, gammafunk_ghost_necromancy,
          hangedman_zot_decor_scrapings, nicolae_transmutations_shop
Zot:4:    grunt_zot_stairs_faceoff, layout_gridlike
Zot:5:    layout_basic, grunt_ministairs_2, nicolae_transporter_intersection

Skill      XL: |  1  2  3  4  5  6  7  8  9 10 11 12 13 14 15 16 17 18 19 20 21 22 23 24 25 26 27 |
---------------+----------------------------------------------------------------------------------+-----
Invocations    | 1 |  1.8
Unarmed Combat | 4 6 7 8 10 12 13 14 15 16 18 19 21 22 23 24 25 26 | 26.2
Shapeshifting  | 4 5 6 7 8 9 10 11 12 13 14 15 16 17 18 19 20 21 | 21.0
Dodging        | 2 3 5 6 7 8 9 10 11 12 13 14 | 14.5
Fighting       | 3 4 6 7 9 10 11 13 15 16 17 | 17.4
Spellcasting   | 3 |  3.6
Stealth        | 4 5 |  5.0
Armour         | 2 4 5 6 7 |  7.9
Evocations     | 4 5 |  5.9
Shields        | 4 7 9 10 12 14 15 16 | 16.9

Action                     |  1- 3 |  4- 6 |  7- 9 | 10-12 | 13-15 | 16-18 | 19-21 | 22-24 | 25-27 || total
---------------------------+-------+-------+-------+-------+-------+-------+-------+-------+-------++-------
  Melee: Unarmed           |    57 |   124 |   282 |   572 |  1456 |   971 |   954 |   688 |   770 ||  5874
         Bite              |    10 |    17 |    84 |   217 |   531 |   325 |   321 |   293 |   320 ||  2118
         Punch             |     1 |       |    13 |     9 |    33 |    77 |       |       |       ||   133
         Kick              |       |    19 |    12 |       |       |   106 |   147 |       |   117 ||   401
         Headbutt          |       |       |       |       |    63 |   233 |   228 |   178 |   234 ||   936
   Fire: Sling             |       |       |     4 |       |       |       |       |       |       ||     4
Ability: Begin Untransform |       |     1 |     1 |       |       |     1 |       |       |       ||     3
  Evoke: Wand              |       |       |       |       |       |     2 |       |     2 |     5 ||     9
         Box of beasts     |       |       |       |       |       |     1 |       |       |       ||     1
         Lightning rod     |       |       |       |       |       |     1 |       |       |       ||     1
         Tin of tremorston |       |       |       |       |       |     1 |       |       |       ||     1
         Sack of spiders   |       |       |       |       |       |       |       |     1 |       ||     1
    Use: Scroll            |       |     8 |     2 |    11 |    12 |     4 |     4 |     5 |     9 ||    55
         Potion            |       |       |       |       |       |     2 |     1 |     3 |     3 ||     9
   Stab: Sleeping          |     1 |     8 |     6 |     3 |    12 |     5 |    22 |     8 |    15 ||    80
         Distracted        |       |     1 |     2 |       |     4 |     2 |     7 |     3 |     3 ||    22
         Fleeing           |       |       |       |     1 |       |       |       |       |       ||     1
         Confused          |       |       |       |       |     7 |     3 |     1 |     2 |     5 ||    18
         Paralysed         |       |       |       |       |     1 |     2 |     1 |       |       ||     4
         Invisible         |       |       |       |       |     2 |       |       |     4 |       ||     6
         Petrified         |       |       |       |       |       |     2 |       |       |     1 ||     3
 Armour: Animal skin       |     7 |       |       |       |       |       |       |       |       ||     7
         Leather armour    |    10 |    33 |   176 |   334 |   609 |   345 |       |       |       ||  1507
         Ring mail         |       |    24 |       |       |       |       |       |       |       ||    24
         Skin              |       |       |       |       |       |   252 |   657 |   548 |   649 ||  2106
  Dodge: Dodged            |    23 |    48 |   139 |   397 |  1336 |  1042 |   813 |   558 |   750 ||  5106
  Block: Tower shield      |       |       |       |       |       |   293 |  1033 |   699 |   999 ||  3024
   Form: Beast             |       |     1 |       |       |       |       |       |       |       ||     1
         Flux              |       |       |       |     1 |       |       |       |       |       ||     1
         Blade             |       |       |       |       |     1 |     2 |       |       |       ||     3
         Statue            |       |       |       |       |       |     2 |       |       |       ||     2

Table legend: (Time is in decaauts)
 A = Elapsed time spent in this place.
 B = Non-inter-level travel time spent in this place.
 C = Inter-level travel time spent in this place.
 D = Time resting spent in this place.
 E = Time spent auto-exploring this place.
 F = Levels seen in this place.
 G = Mean time per level.
                   A        B        C        D        E       F      G
               +--------+--------+--------+--------+--------+-----+--------+
         Total |  53688 |  48304 |   5384 |   1536 |  28960 |  47 | 1142.3 |
       Dungeon |  13478 |  11775 |   1703 |    545 |   7679 |  15 |  898.5 |
          Lair |   6443 |   5567 |    876 |    137 |   3624 |   5 | 1288.6 |
         Swamp |   3502 |   3319 |    183 |    166 |   1999 |   4 |  875.5 |
     Snake Pit |   5498 |   5158 |    340 |     66 |   3288 |   4 | 1374.5 |
  Orcish Mines |   1698 |   1386 |    312 |      0 |    774 |   2 |  849.0 |
        Vaults |   9001 |   8197 |    804 |    119 |   4814 |   5 | 1800.2 |
        Depths |   5331 |   4805 |    526 |     66 |   2762 |   4 | 1332.8 |
           Zot |   7424 |   6787 |    637 |    203 |   3552 |   5 | 1484.8 |
         Abyss |    102 |    102 |      0 |      0 |     74 |   1 |  102.0 |
      Ice Cave |    903 |    903 |      0 |    219 |    268 |   1 |  903.0 |
       Volcano |    304 |    304 |      0 |     13 |    124 |   1 |  304.0 |
               +--------+--------+--------+--------+--------+-----+--------+

Top non-repeatable levels by time:
Vaults:5: 2249 daAuts
   Zot:5: 2043 daAuts
Depths:4: 1849 daAuts
 Snake:2: 1831 daAuts
Vaults:3: 1816 daAuts
Vaults:2: 1752 daAuts
Vaults:4: 1705 daAuts
 Snake:1: 1574 daAuts
   Zot:3: 1508 daAuts
   Zot:2: 1497 daAuts
Vaults:1: 1477 daAuts
  Lair:5: 1462 daAuts
    D:13: 1423 daAuts
  Lair:1: 1388 daAuts
Depths:3: 1385 daAuts
